 Dungeon Crawl Stone Soup version 0.29-a0-575-g0dc89cf053 (webtiles) character file.

Game seed: 2677914335377936843

740 raistware the Conjurer (level 8, -4/52 HPs)
             Began as a Human Conjurer on June 12, 2022.
             Slain by a scorpion (7 damage)
             ... on level 5 of the Dungeon.
             The game lasted 00:11:02 (5823 turns).

raistware the Conjurer (Human Conjurer)             Turns: 5823, Time: 00:11:02

Health: -4/52      AC:  3    Str:  7    XL:     8   Next: 5%
Magic:  15/15      EV: 12    Int: 20    God:
Gold:   236        SH:  0    Dex: 13    Spells: 5/16 levels left

rFire   + . .      SeeInvis .   d - +1 whip (vamp)
rCold   . . .      Faith    .   (no shield)
rNeg    . . .      Spirit   .   a - +0 robe
rPois   .          Reflect  .   (no helmet)
rElec   .          Harm     .   e - +0 cloak
rCorr   .          Rampage  .   (no gloves)
Will    .....                   (no boots)
Stlth   ++........              (no amulet)
HPRegen 0.17/turn               s - ring of protection from fire
MPRegen 0.14/turn               A - ring of wizardry

@: lethally poisoned (-4 -> -10)
A: no striking features
a: no special abilities


You were on level 5 of the Dungeon.
You visited 1 branch of the dungeon, and saw 5 of its levels.

You collected 236 gold pieces.

Inventory:

Hand Weapons
 d - a +1 vampiric whip (weapon)
Missiles
 n - 5 curare-tipped darts
Armour
 a - a +0 robe (worn)
 e - a +0 cloak (worn)
Magical Staves
 i - a staff of cold
 r - a staff of poison
 y - a staff of conjuration
Jewellery
 k - a ring of protection from fire
 s - a ring of protection from fire (left hand)
 A - a ring of wizardry (right hand)
Wands
 j - a wand of flame (15)
 m - a wand of digging (6)
Scrolls
 c - a scroll of fear {unknown}
 f - 4 scrolls of teleportation {unknown}
 g - 2 scrolls of identify {unknown}
 h - a scroll of fog {unknown}
 o - a scroll of enchant weapon {unknown}
 x - 3 scrolls of poison {unknown}
 z - a scroll of immolation {unknown}
Potions
 b - a potion of magic
 l - 2 potions of heal wounds {unknown}
 p - a potion of invisibility {unknown}
 q - a potion of attraction {unknown}
 t - a potion of lignification {unknown}
 u - 2 potions of degeneration {unknown}
 v - 2 potions of ambrosia {unknown}
 w - a potion of haste {unknown}
 B - a potion of might {unknown}


   Skills:
 - Level 2.0 Dodging
 - Level 2.0 Stealth
 * Level 4.7 Spellcasting
 * Level 6.1 Conjurations
 * Level 3.7 Hexes
 + Level 2.5 Ice Magic


You had 5 spell levels left.
You knew the following spells:

 Your Spells              Type           Power      Damage    Failure   Level
a - Magic Dart            Conj           100%       1d8       1%          1
b - Searing Ray           Conj           58%        2d6       1%          2
c - Fulminant Prism       Conj/Hex       12%        3d9       6%          4
d - Iskenderun's Mystic   Conj/Tloc      17%        2d5       13%         4

Your spell library contained the following spells:

 Spells                   Type           Power      Damage    Failure   Level
 Dazzling Flash           Conj/Hex       48%        N/A       1%          3
 Mephitic Cloud           Conj/Pois/Air  12%        N/A       6%          3
 Ignite Poison            Fire/Tmut/Pois 4%         N/A       14%         3
 Freezing Cloud           Conj/Ice/Air   8%         6-21      38%         5
 Animate Armour           Summ/Erth      8%         N/A       41%         4
 Haunt                    Necr/Summ      2%         N/A       100%        7


Dungeon Overview and Level Annotations

Branches:
Dungeon (5/15)
 Temple: D:4-7

Altars:


Message History

The searing ray misses the gnoll.
The gnoll sergeant hits you from afar with a +0 spear.
The searing ray misses the gnoll sergeant.
The searing ray hits the gnoll.
The gnoll is heavily wounded.
The searing ray misses the gnoll.
The gnoll sergeant hits you from afar with a +0 spear.
Unknown command.
The searing ray hits the gnoll sergeant but does no damage.
The gnoll sergeant is almost dead.
The searing ray hits the gnoll!
The gnoll is severely wounded.
You finish channelling your searing ray.
The gnoll sergeant barely misses you.
The gnoll hits you from afar with a +0 spear.
A scorpion comes into view.
The gnoll sergeant hits you from afar with a +0 spear.
The gnoll hits you from afar with a +0 spear!
* * * LOW HITPOINT WARNING * * *
You see here 29 stones.
Things that are here:
a +0 halberd; a gnoll corpse The scorpion completely misses you.
Okay, then.
Casting: Searing Ray (safe; 1% risk of failure)
Confirm with . or Enter, or press ? or * to list all spells.
You don't have enough magic to cast this spell.
Casting: Searing Ray (safe; 1% risk of failure)
Confirm with . or Enter, or press ? or * to list all spells.
You don't have enough magic to cast this spell.
The scorpion attacks as you move away! The scorpion stings you.
* * * LOW HITPOINT WARNING * * *
You are lethally poisoned!
The scorpion poisons you!
* * * LOW HITPOINT WARNING * * *
You feel very sick. Magic courses through your body.
* * * LOW HITPOINT WARNING * * *
You feel sick. The scorpion stings you!
You die...

####.............#
.....###########.#
###### #.# #.# #.#
#.# #.# #.##
#@.#### #s....#
#.....# ##..g.#
#.#g##
########.#g#
.........#)#
.######..#g#
#..#g#


You could see a gnoll sergeant, a scorpion and 2 gnolls.

Vanquished Creatures
  Menkaure (D:4)
  A black bear (D:3)
  An ogre (D:4)
  3 scorpions (D:5)
  2 orc priests
  Terence (D:3)
  An orc wizard (D:3)
  3 gnolls (D:5)
  3 adders
  2 worms
  2 dart slugs (D:4)
  13 orcs
  2 bats
  5 endoplasms
  3 giant cockroaches
  12 goblins
  10 hobgoblins
  3 jackals (D:2)
  7 kobolds
  A quokka (D:3)
  5 ball pythons
  5 frilled lizards
  5 rats
91 creatures vanquished.

Vanquished Creatures (others)
  A fulminant prism (D:5)
1 creature vanquished.

Grand Total: 92 creatures vanquished

Notes
Turn   | Place    | Note
-------+----------+-------------------------------------------
     0 | D:1      | raistware the Human Conjurer began the quest for the Orb.
     0 | D:1      | Reached XP level 1. HP: 13/13 MP: 3/3
   505 | D:1      | Reached XP level 2. HP: 19/19 MP: 3/5
   508 | D:1      | Learned a level 2 spell: Searing Ray
  1411 | D:1      | Reached XP level 3. HP: 24/24 MP: 3/6
  1474 | D:1      | Found a faded altar of an unknown god.
  2933 | D:3      | Reached XP level 4. HP: 27/30 MP: 8/8
  2938 | D:3      | Learned a level 4 spell: Fulminant Prism
  2987 | D:3      | Noticed a black bear
  3000 | D:3      | Killed a black bear
  3001 | D:3      | Reached skill level 5 in Conjurations
  3001 | D:3      | Reached skill level 1 in Hexes
  3001 | D:3      | Reached skill level 1 in Ice Magic
  3001 | D:3      | Reached XP level 5. HP: 7/35 MP: 0/10
  3452 | D:3      | Reached XP level 6. HP: 41/41 MP: 9/11
  3618 | D:3      | Learned a level 4 spell: Iskenderun's Mystic Blast
  3677 | D:3      | Noticed Terence
  3707 | D:3      | Killed Terence
  4474 | D:4      | Noticed an ogre
  4555 | D:4      | Killed an ogre
  4642 | D:4      | Reached XP level 7. HP: 43/46 MP: 10/13
  4811 | D:4      | Noticed Menkaure
  4821 | D:4      | Killed Menkaure
  5318 | D:5      | Entered Level 5 of the Dungeon
  5508 | D:5      | Reached skill level 6 in Conjurations
  5509 | D:5      | Reached XP level 8. HP: 42/52 MP: 8/14
  5669 | D:5      | Got the Handbook of the Entourage
  5823 | D:5      | Slain by a scorpion

Illustrated notes

Levels and vault maps discovered:
D:1:      dpeg_arrival_water_fire, layout_basic,
          chequers_ecumenical_altar_island
D:2:      layout_loops_ring
D:3:      layout_basic, serial_rivers, chequers_serial_rivers_large_a,
          chequers_serial_rivers_micro_a, chequers_serial_rivers_room_b,
          chequers_serial_rivers_micro_a, chequers_serial_rivers_micro_d,
          st_stairs_2, minmay_starry_boxes, uniq_terence
D:4:      layout_basic, uniq_menkaure
D:5:      layout_loops_ring, kennysheep_windowed_goal, uniq_edmund

Skill      XL: |  1  2  3  4  5  6  7 |
---------------+----------------------+-----
Spellcasting   | 3 4 |  4.7
Conjurations   | 5 6 |  6.1
Hexes          | 1 2 3 |  3.7
Ice Magic      | 1 2 |  2.5
Dodging        | |  2.0
Stealth        | |  2.0

Action                   |  1- 3 |  4- 6 |  7- 9 || total
-------------------------+-------+-------+-------++-------
Melee: Unarmed           |     7 |       |       ||     7
       Whip              |    65 |    30 |     4 ||    99
       Punch             |     1 |       |       ||     1
Throw: Dart              |       |     1 |       ||     1
 Cast: Magic Dart        |    42 |    15 |    29 ||    86
       Searing Ray       |     1 |    16 |     7 ||    24
       Fulminant Prism   |       |       |     1 ||     1
  Use: Potion            |       |       |     1 ||     1
 Stab: Sleeping          |     3 |     2 |       ||     5
Armor: Robe              |    18 |    12 |     2 ||    32
Dodge: Dodged            |    34 |    31 |    12 ||    77

Table legend: (Time is in decaauts)
 A = Elapsed time spent in this place.
 B = Non-inter-level travel time spent in this place.
 C = Inter-level travel time spent in this place.
 D = Time resting spent in this place.
 E = Time spent auto-exploring this place.
 F = Levels seen in this place.
 G = Mean time per level.
                   A        B        C        D        E       F      G
               +--------+--------+--------+--------+--------+-----+--------+
         Total |   5851 |   5688 |    163 |   1058 |   3842 |   5 | 1170.2 |
       Dungeon |   5851 |   5688 |    163 |   1058 |   3842 |   5 | 1170.2 |
               +--------+--------+--------+--------+--------+-----+--------+

Top non-repeatable levels by time:
     D:3: 1869 daAuts
     D:1: 1662 daAuts
     D:2: 971 daAuts
     D:4: 843 daAuts
     D:5: 504 daAuts
